cohdb
Replays
Latest Replays
All Replays
Popular Replays
Top Player Replays
Match Explorer
How It Works
Community
CoH3 Stats
Reddit
Sign in to upload your games and track your stats! →
Sign in with Steam
Match 42097717
Unlisted
Match 42097717
Overview
Messages
Build Orders
End
Royal Engineer Section
Construct Section Command Post
Selects Canadian Shock Battlegroup
Infantry Section
Infantry Section
Construct Platoon Command Post
Selects Attacking Spirit
Selects Canadian Shock Section
Grenade Package
Canadian Shock Section
Humber Armored Car
Selects Incendiary Munitions
6-pounder Anti-tank Gun Team
Construct Field Infirmary
Construct Company Command Post
Selects Pyrotechnics
Crusader II Medium Tank
qZeto
BIOHAZARD
Animal Mother
Minifutzi
0
0
Comments
sign in to comment!
No comments posted yet!